 Dungeon Crawl Stone Soup version 0.30-a0-723-gc1506a1cf0 (webtiles) character file.

Game seed: 6627625570241499240

139 pokeman the Magician (level 5, -3/29 HPs)
             Began as a Deep Elf Hedge Wizard on Jan 29, 2023.
             Slain by Grinder (4 damage)
             ... on level 3 of the Dungeon.
             The game lasted 00:03:40 (3137 turns).

pokeman the Magician (Deep Elf Hedge Wizard)        Turns: 3137, Time: 00:03:41

Health: -3/29      AC:  9    Str:  7    XL:     5   Next: 1%
Magic:  4/15       EV: 13    Int: 21    God:
Gold:   172        SH:  5    Dex: 14    Spells: 8/16 levels left

rFire   . . .      SeeInvis .    g - +0 dagger (speed)
rCold   . . .      Faith    .    (no shield)
rNeg    . . .      Spirit   .    b - +0 robe
rPois   .          Reflect  +    s - +2 hat
rElec   .          Harm     .    (no cloak)
rCorr   .          Rampage  .    j - +0 pair of gloves
Will    +....                    (no boots)
Stlth   ++                       i - amulet of reflection
HPRegen 0.24/turn                u - +4 ring of protection
MPRegen 0.14/turn                y - ring of willpower

@: no status effects
A: no striking features
a: no special abilities


You were on level 3 of the Dungeon.
You visited 1 branch of the dungeon, and saw 3 of its levels.

You collected 172 gold pieces.

Inventory:

Hand Weapons
 g - a +0 dagger of speed (weapon)
Armour
 b - a +0 robe (worn)
 j - a +0 pair of gloves (worn)
 s - a +2 hat (worn)
Jewellery
 i - an amulet of reflection (around neck)
 u - a +4 ring of protection (left hand)
 y - a ring of willpower (right hand)
Wands
 x - a wand of mindburst (14)
Scrolls
 e - 3 scrolls of identify {unknown}
 h - a scroll of fear {unknown}
 k - a scroll of poison {unknown}
 l - 5 scrolls of enchant weapon {unknown}
 n - 3 scrolls of blinking {unknown}
 o - 2 scrolls of noise {unknown}
 p - 3 scrolls of magic mapping {unknown}
 q - a scroll of torment {unknown}
 v - a scroll of summoning {unknown}
Potions
 a - a potion of haste {unknown}
 c - a potion of attraction {unknown}
 d - a potion of magic
 f - 2 potions of curing {unknown}
 m - a potion of heal wounds {unknown}
 r - a potion of might {unknown}
 t - a potion of lignification {unknown}
 w - a potion of degeneration {unknown}


   Skills:
 - Level 1.0 Fighting
 - Level 1.0 Armour
 + Level 2.9 Dodging
 - Level 3.0 Stealth
 * Level 6.0 Spellcasting
 + Level 2.5 Conjurations
 - Level 1.1 Summonings
 - Level 1.1 Translocations
 + Level 0.2 Poison Magic


You had 8 spell levels left.
You knew the following spells:

 Your Spells              Type           Power      Damage    Failure   Level
a - Magic Dart            Conj           64%        1d6       3%          1
b - Mephitic Cloud        Conj/Pois/Air  10%        N/A       21%         3
c - Call Imp              Summ           10%        N/A       10%         2
d - Blink                 Tloc           20%        N/A       10%         2

Your spell library contained the following spells:

 Spells                   Type           Power      Damage    Failure   Level
 Slow                     Hex            24%        N/A       10%         1
 Cigotuvi's Dreadful Rot  Necr/Pois/Air  12%        N/A       14%         2
 Poisonous Vapours        Pois/Air       12%        N/A       14%         2
 Sublimation of Blood     Necr           6%         N/A       14%         2
 Kindle Blastsparks       Fire/Tloc/Air  14%        2d11      26%         3
 Ignite Poison            Fire/Tmut/Pois 6%         N/A       28%         3
 Petrify                  Tmut/Erth      6%         N/A       67%         4
 Irradiate                Conj/Tmut      5%         3d13      85%         5
 Freezing Cloud           Conj/Ice/Air   4%         6-21      89%         5


Dungeon Overview and Level Annotations

Branches:
Dungeon (3/15)

Altars:
Dithmenos
Kikubaaqudgha
Nemelex Xobeh
Qazlal
Sif Muna
Trog

Annotations:
D:3 Grinder


Message History

Press: ? - help, Shift-Dir - straight line, f/p - Grinder
Aim: Grinder (moderately wounded, 100% to hit)
The magic dart hits Grinder but does no damage.
Grinder is moderately wounded.
Grinder misses you.
Casting: Magic Dart (safe; 3% risk of failure)
Confirm with . or Enter, or press ? or * to list all spells.
Aiming: Magic Dart (safe; 3% risk of failure)
Press: ? - help, Shift-Dir - straight line, f/p - Grinder
Aim: Grinder (moderately wounded, 100% to hit)
The magic dart hits Grinder.
Grinder is moderately wounded.
Grinder hits you.
You writhe in agony.
Casting: Magic Dart (safe; 3% risk of failure)
Confirm with . or Enter, or press ? or * to list all spells.
Aiming: Magic Dart (safe; 3% risk of failure)
Press: ? - help, Shift-Dir - straight line, f/p - Grinder
Aim: Grinder (moderately wounded, 100% to hit)
The magic dart hits Grinder.
Grinder is heavily wounded.
Grinder barely misses you.
Casting: Magic Dart (safe; 3% risk of failure)
Confirm with . or Enter, or press ? or * to list all spells.
Aiming: Magic Dart (safe; 3% risk of failure)
Press: ? - help, Shift-Dir - straight line, f/p - Grinder
Aim: Grinder (heavily wounded, 100% to hit)
The magic dart hits Grinder.
Grinder is severely wounded.
Grinder barely misses you.
Casting: Magic Dart (safe; 3% risk of failure)
Confirm with . or Enter, or press ? or * to list all spells.
Aiming: Magic Dart (safe; 3% risk of failure)
Press: ? - help, Shift-Dir - straight line, f/p - Grinder
Aim: Grinder (severely wounded, 100% to hit)
The magic dart hits Grinder.
Grinder is severely wounded.
Grinder hits you!
* * * LOW HITPOINT WARNING * * *
You writhe in agony.
You die...

..# .. ..# #.. ..##########
####... ...........## ####......
............## #......#
...........<.# ####.##...#
.............### ##.... #...#
...............####..## #...###
.............#<.@5..### #..###.
.............####)....## ##..##..
.............# ##.###..###...#...
........<...####..# #.##..#.#...
.......รท..........####....##.#.<.
..###..###..............####.....
..................###............
..####.###...................##.#
.....#...##.......###........#..#


You could see Grinder.

Vanquished Creatures
  8 adders
  A gnoll (D:1)
  3 dart slugs
  4 orcs (D:3)
  5 ball pythons
  2 endoplasms
  2 giant cockroaches
  4 goblins
  3 hobgoblins
  7 kobolds
  A quokka (D:1)
  4 bats
  4 frilled lizards
  A rat (D:1)
49 creatures vanquished.

Notes
Turn   | Place    | Note
-------+----------+-------------------------------------------
     0 | D:1      | pokeman the Deep Elf Hedge Wizard began the quest for the
                  | Orb.
     0 | D:1      | Reached XP level 1. HP: 10/10 MP: 7/7
   360 | D:1      | Reached XP level 2. HP: 8/16 MP: 0/9
  1001 | D:1      | Reached skill level 5 in Spellcasting
  1240 | D:2      | Found a stormy altar of Qazlal.
  1249 | D:2      | You fall into a shaft and drop 1 floor!
  1433 | D:2      | Reached XP level 3. HP: 20/20 MP: 9/11
  1437 | D:2      | Learned a level 3 spell: Mephitic Cloud
  1440 | D:2      | Learned a level 2 spell: Call Imp
  1443 | D:2      | Learned a level 2 spell: Blink
  1724 | D:2      | Reached skill level 1 in Fighting
  1724 | D:2      | Reached skill level 1 in Armour
  1915 | D:2      | Reached XP level 4. HP: 5/25 MP: 2/13
  2622 | D:3      | Found a shadowy altar of Dithmenos.
  2922 | D:3      | Reached skill level 6 in Spellcasting
  2922 | D:3      | Reached XP level 5. HP: 29/29 MP: 6/15
  3003 | D:3      | Found an ancient bone altar of Kikubaaqudgha.
  3003 | D:3      | Found a faded altar of an unknown god.
  3011 | D:3      | Found a sparkling altar of Nemelex Xobeh.
  3013 | D:3      | Found a shimmering blue altar of Sif Muna.
  3015 | D:3      | Found a bloodstained altar of Trog.
  3103 | D:3      | Noticed Grinder
  3137 | D:3      | HP: 1/29 [Grinder (9)]
  3137 | D:3      | Slain by Grinder

Illustrated notes

Levels and vault maps discovered:
D:1:      wander_arrival_abandoned_jail, layout_loops_corners,
          minmay_statues_item
D:2:      layout_loops_ring, basic_altar
D:3:      layout_rooms, grunt_dithmenos_smoke_and_mirrors,
          chequers_temple_overflow_minitemple, uniq_grinder

Skill      XL: |  1  2  3  4 |
---------------+-------------+-----
Spellcasting   | 5 6 |  6.0
Fighting       | 1 |  1.0
Armour         | 1 |  1.0
Conjurations   | 2 |  2.5
Stealth        | 3 |  3.0
Dodging        | |  2.9
Summonings     | |  1.1
Translocations | |  1.1
Poison Magic   | |  0.2

Action                     |  1- 3 |  4- 6 || total
---------------------------+-------+-------++-------
  Melee: Dagger            |     2 |       ||     2
   Cast: Magic Dart        |    75 |    68 ||   143
         Mephitic Cloud    |     1 |       ||     1
   Stab: Confused          |     1 |       ||     1
 Armour: Robe              |     4 |     3 ||     7
  Dodge: Dodged            |    10 |     4 ||    14
  Block: Other             |     7 |     2 ||     9

Table legend: (Time is in decaauts)
 A = Elapsed time spent in this place.
 B = Non-inter-level travel time spent in this place.
 C = Inter-level travel time spent in this place.
 D = Time resting spent in this place.
 E = Time spent auto-exploring this place.
 F = Levels seen in this place.
 G = Mean time per level.
                   A        B        C        D        E       F      G
               +--------+--------+--------+--------+--------+-----+--------+
         Total |   3132 |   3072 |     60 |    122 |   2597 |   3 | 1044.0 |
       Dungeon |   3132 |   3072 |     60 |    122 |   2597 |   3 | 1044.0 |
               +--------+--------+--------+--------+--------+-----+--------+

Top non-repeatable levels by time:
     D:1: 1239 daAuts
     D:2: 1047 daAuts
     D:3: 845 daAuts
